 Dungeon Crawl Stone Soup version 0.30.1-4-g462c640d31 (webtiles) character file.

Game seed: 14794180749136287925

53 spardeous the Conjurer (level 3, -3/23 (26) HPs)
             Began as a Demigod Conjurer on Aug 14, 2023.
             Slain by Terence
             ... wielding the +7 Throatcutter {drain, coup de grace}
              (4 damage)
             ... on level 2 of the Dungeon.
             The game lasted 00:00:44 (1757 turns).

spardeous the Conjurer (Demigod Conjurer)           Turns: 1757, Time: 00:00:45

HP:   -3/23 (26)    AC:  3    Str:  8    XL:     3   Next: 42%
MP:   4/9           EV: 12    Int: 30    God:
Gold: 59            SH:  0    Dex: 12    Spells: 4/7 levels left

rFire   . . .        (no weapon)
rCold   . . .        (no shield)
rNeg    . . .        a - +0 robe
rPois   .            (no helmet)
rElec   .            (no cloak)
rCorr   .            k - +0 pair of gloves
SInv    .            (no boots)
Will    .....        (no amulet)
Stlth   ++           e - ring of wizardry
HPRegen 0.23/turn    l - +6 ring of intelligence
MPRegen 0.11/turn

%: wizardry (x1)
@: heavily drained
A: high MP 1, forlorn, divine attributes
a: no special abilities


You were on level 2 of the Dungeon.
You visited 1 branch of the dungeon, and saw 2 of its levels.

You collected 59 gold pieces.

Inventory:

Armour
 a - a +0 robe (worn)
 k - a +0 pair of gloves (worn)
Jewellery
 e - a ring of wizardry (left hand)
 l - a +6 ring of intelligence (right hand)
Scrolls
 d - a scroll of poison {unknown}
 i - 2 scrolls of teleportation {unknown}
 j - 3 scrolls of identify {unknown}
 m - a scroll of fog {unknown}
Potions
 b - a potion of magic
 c - a potion of mutation {unknown}
 f - 2 potions of brilliance {unknown}
 g - a potion of might {unknown}
 h - a potion of lignification {unknown}


   Skills:
 - Level 1.7 Dodging
 - Level 1.7 Stealth
 + Level 2.7 Spellcasting
 + Level 4.3 Conjurations


You had 4 spell levels left.
You knew the following spells:

 Your Spells              Type           Power      Damage    Failure   Level
a - Magic Dart            Conj           100%       1d8       1%          1
b - Searing Ray           Conj           60%        2d6       1%          2

Your spell library contained the following spells:

 Spells                   Type           Power      Damage    Failure   Level
 Dazzling Flash           Conj/Hex       34%        N/A       3%          3
 Fulminant Prism          Conj/Hex       8%         3d7       12%         4
 Iskenderun's Mystic Bla  Conj/Tloc      17%        2d5       12%         4


Dungeon Overview and Level Annotations

Branches:
Dungeon (2/15)

Annotations:
D:2 Terence


Innate Abilities, Weirdness & Mutations

You have an increased reservoir of magic. (+10% MP)
You shall have no god before yourself.
Your divine heritage dramatically boosts your attributes as you level up.


Message History

m - a scroll labelled NOUCHO TAENN
Casting: Magic Dart (safe; 1% risk of failure)
Confirm with . or Enter, or press ? or * to list all spells.
You can't see any susceptible monsters within range! (Use Z to cast anyway.) Unknown command.
MP restored: 9
Found an escape hatch in the ceiling.
Casting: Magic Dart (safe; 1% risk of failure)
Confirm with . or Enter, or press ? or * to list all spells.
You can't see any susceptible monsters within range! (Use Z to cast anyway.) Terence the Incautious comes into view.
He is wielding the +7 Throatcutter {drain, coup de grace}.
You see here 8 gold pieces.
Casting: Magic Dart (safe; 1% risk of failure)
Confirm with . or Enter, or press ? or * to list all spells.
Aiming: Magic Dart (safe; 1% risk of failure)
Press: ? - help, Shift-Dir - straight line, f - Terence
Aim: Terence, wielding the +7 Throatcutter {drain, coup de grace} and wearing a +0 scale mail (asleep, 100% to hit)
The magic dart hits Terence but does no damage.
Terence shouts!
You now have 8/9 mp.
Casting: Magic Dart (safe; 1% risk of failure)
Confirm with . or Enter, or press ? or * to list all spells.
Aiming: Searing Ray (safe; 1% risk of failure)
Press: ? - help, Shift-Dir - straight line, f/p - Terence
Aim: Terence, wielding the +7 Throatcutter {drain, coup de grace} and wearing a +0 scale mail (82% to hit)
The searing ray hits Terence but does no damage. (Press . to maintain the ray.) Terence hits you with the +7 Throatcutter {drain, coup de grace}!
You feel drained.
You take 12 damage, and have 14/24 hp.
MASSIVE DAMAGE!!
You now have 6/9 mp.
The searing ray hits Terence.
Terence is lightly wounded.
Terence closely misses you.
You now have 5/9 mp.
The searing ray misses Terence.
Terence hits you with the +7 Throatcutter {drain, coup de grace}!
Ouch! That really hurt!
* * * LOW HITPOINT WARNING * * *
You feel drained.
You die...

#.# #.# # #.#
.##########
#.#####........@.#
#†#......# #@#
#.#...##.# #.#
#........# #.#
.........# #.#
#.......# #.#
#.#...### #.#
......##########.#
####.#...........#
#.#.#########.#


You could see Terence.

Vanquished Creatures
  A gnoll (D:1)
  An adder (D:2)
  A worm (D:2)
  3 dart slugs
  4 bats
  An endoplasm (D:1)
  A giant cockroach (D:2)
  2 goblins (D:1)
  A quokka (D:1)
  5 ball pythons
  2 frilled lizards
  4 kobolds (D:1)
  4 rats
30 creatures vanquished.

Notes
Turn   | Place    | Note
-------+----------+-------------------------------------------
     0 | D:1      | spardeous the Demigod Conjurer began the quest for the Orb.
     0 | D:1      | Reached XP level 1. HP: 14/14 MP: 5/5
   417 | D:1      | Reached skill level 4 in Conjurations
   417 | D:1      | Reached XP level 2. HP: 20/20 MP: 1/7
  1430 | D:2      | Reached XP level 3. HP: 26/26 MP: 3/9
  1433 | D:2      | Learned a level 2 spell: Searing Ray
  1753 | D:2      | Noticed Terence
  1757 | D:2      | HP: 1/24 [Terence/the +7 Throatcutter {drain, coup de
                  | grace} (13)]
  1757 | D:2      | Slain by Terence

Illustrated notes

Levels and vault maps discovered:
D:1:      roderic_chinese_lattice_arrival, layout_basic, moated_statue,
          chequers_serial_rivers_micro_b
D:2:      layout_loops_ring, uniq_terence

Skill      XL: |  1 |
---------------+----+-----
Spellcasting   | 2 |  2.7
Conjurations   | 4 |  4.3
Dodging        | |  1.7
Stealth        | |  1.7

Action                     || total
---------------------------++-------
   Cast: Magic Dart        ||    63
         Searing Ray       ||     1
 Armour: Robe              ||     2
  Dodge: Dodged            ||     3
